 Dungeon Crawl Stone Soup version 0.30.0-11-gf55b779eaf (webtiles) character file.

Game seed: 12370985252321553218

286 ProzacElf the Slasher (level 6, 0/39 HPs)
             Began as a Vampire Reaver on May 17, 2023.
             Slain by a quasit (1 damage)
             ... summoned by Eustachio
             ... on level 4 of the Dungeon.
             The game lasted 00:10:45 (3533 turns).

ProzacElf the Slasher (Vampire Reaver)              Turns: 3533, Time: 00:10:46

Health: 0/39       AC: 11    Str: 11 (13) XL:     6   Next: 8%
Magic:  9/9        EV:  9    Int: 21 (22) God:
Gold:   152        SH:  0    Dex: 10 (12) Spells: 2/9 levels left

rFire   + . .        a - +0 great sword
rCold   . . .        (shield currently unavailable)
rNeg    . . .        r - +2 scale mail {rF+}
rPois   .            (no helmet)
rElec   .            c - +2 cloak
rCorr   .            (no gloves)
SInv    +            (no boots)
Will    .....        (no amulet) Stlth
                     g - +6 ring of intelligence
HPRegen 0.46/turn    (no ring)
MPRegen 0.11/turn

%: no passive effects
@: healing quickly
A: alive, fangs 3, see invisible, vampiric 2, [frail 1]
a: Exsanguinate


You were on level 4 of the Dungeon.
You visited 1 branch of the dungeon, and saw 4 of its levels.

You collected 152 gold pieces.

Inventory:

Hand Weapons
 a - a +0 great sword (weapon)
 s - a +0 falchion
Armour
 c - a +2 cloak (worn)
 r - a +2 scale mail of fire resistance (worn)
Jewellery
 g - a +6 ring of intelligence (left hand)
Scrolls
 b - a scroll of fear {unknown}
 d - 2 scrolls of vulnerability {unknown}
 e - a scroll of fog {unknown}
 f - 5 scrolls of identify {unknown}
 l - a scroll of teleportation {unknown}
 q - a scroll of noise {unknown}
Potions
 h - 2 potions of might {unknown}
 i - 3 potions of mutation {unknown}
 j - a potion of heal wounds {unknown}
 k - 2 potions of attraction {unknown}
 m - 2 potions of lignification {unknown}
 n - a potion of invisibility {unknown}
 o - a potion of degeneration {unknown}
 p - a potion of haste {unknown}


   Skills:
 - Level 1.7 Fighting
 + Level 6.5 Long Blades
 + Level 3.1 Dodging
 - Level 2.0 Spellcasting
 - Level 2.1 Conjurations


You had 2 spell levels left.
You knew the following spells:

 Your Spells              Type           Power      Damage    Failure   Level
a - Magic Dart            Conj           44%        1d5       36%         1
b - Momentum Strike       Conj/Tloc      12%        3d8       65%         2
c - Hailstorm             Conj/Ice       6%         3d4       87%         3
d - Kiss of Death         Conj/Necr      24%        2d7       52%         1

Your spell library contained the following spells:

 Spells                   Type           Power      Damage    Failure   Level
 Call Imp                 Summ           4%         N/A       80%         2
 Mephitic Cloud           Conj/Pois/Air  5%         N/A       91%         3


Dungeon Overview and Level Annotations

Branches:
Dungeon (4/15)
 Temple: D:4-7

Altars:
Dithmenos
Fedhas
Trog

Shops:
D:2 =

Annotations:
D:4 Eustachio


Innate Abilities, Weirdness & Mutations

Your natural rate of healing is accelerated.
You have razor-sharp teeth.
You have supernaturally acute eyesight. (SInv)
You are afflicted with vampirism and can become a bat while bloodless.
[You are frail. (-10% HP)]


Message History

Tha quasit bites ye but does nay damage.
Tha quasit closely misses ye.
Tha quasit claws ye but does nay damage.
Tha quasit attacks as ye move away!
Tha quasit bites ye but does nay damage.
Tha quasit claws ye but does nay damage.
Tha quasit barely misses ye.
Tha quasit closely misses ye. x3
Re'lly walk inta tha dispersal trap?
Tha quasit attacks as ye move away!
Tha quasit bites ye but does nay damage.
Tha quasit barely misses ye.
Tha quasit claws ye but does nay damage.
Ye enter a dispersal trap!
Tha quasit blinks!
Tha ri'er rat blinks!
Ye blink.
Tha bat closely misses ye.
Eustachio says, "Summonin' be fun!"
Eustachio mumbles some strange words.
Eustachio blinks!
Ye slash tha bat!
Ye kill tha bat!
Tha bat's corpse disappears in a puff o' smoke!
Tha iron imp hits ye!
Keep bloodlettin'?
* * * LOW HITPOINT WARNIN'
* * * Ye begin bloodlettin'.
Ye continue bloodlettin'.
Tha quasit bites ye but does nay damage.
Tha quasit claws ye.
* * * LOW HITPOINT WARNIN'
* * * Tha quasit claws ye but does nay damage.
Tha iron imp closely misses ye.
Ye continue bloodlettin'.
Tha quasit bites ye but does nay damage.
Tha quasit claws ye but does nay damage.
Tha quasit completely misses ye.
Tha iron imp hits ye.
* * * LOW HITPOINT WARNIN'
* * * Tha quasit closely misses ye. x2
Tha quasit claws ye but does nay damage.
Ye continue bloodlettin'.
Tha quasit closely misses ye.
Tha quasit claws ye.
Ye die...

##r...#
##..##.##########
#..#....#.......#
#.##.##.#..#.....
##.##......###....
#..##..##..###..##
#r###..###..#..###
#5###...##.....##.
#@5r..............
###...##.........#
#..####..._...##
#..^##.........#
#...............
#...r.##.....##.
##...###..#..###
#.#.##..###..##
#.#.....# #....


You could see an iron imp (summoned), a quasit (summoned) and 2 river rats.

Vanquished Creatures
  A black bear (D:4)
  A hound (D:4)
  3 gnolls (D:3)
  4 adders
  A white imp (D:3)
  A worm (D:2)
  A dart slug (D:2)
  5 orcs
  9 endoplasms
  5 giant cockroaches
  5 goblins
  7 hobgoblins
  7 jackals
  12 kobolds
  6 quokkas
  4 ball pythons
  4 bats
  4 frilled lizards
  6 rats
86 creatures vanquished.

Notes
Turn   | Place    | Note
-------+----------+-------------------------------------------
     0 | D:1      | ProzacElf the Vampire Reaver began the quest for the Orb.
     0 | D:1      | Reached XP level 1. HP: 16/16 MP: 3/3
   136 | D:1      | Reached XP level 2. HP: 22/22 MP: 5/5
   276 | D:1      | Reached skill level 4 in Long Blades
   416 | D:1      | Learned a level 2 spell: Momentum Strike
   719 | D:2      | Gained mutation: You are afflicted with vampirism and can
                  | become a bat while bloodless. [Vampire growth]
   719 | D:2      | Reached XP level 3. HP: 26/27 MP: 6/6
   953 | D:2      | Found Nooqogax's Jewellery Shoppe.
  1632 | D:3      | Reached XP level 4. HP: 22/26 MP: 7/7
  1654 | D:3      | Reached skill level 5 in Long Blades
  1731 | D:3      | Learned a level 3 spell: Hailstorm
  1733 | D:3      | Learned a level 1 spell: Magic Dart
  2252 | D:3      | Reached XP level 5. HP: 25/30 MP: 8/8
  2736 | D:4      | Reached skill level 6 in Long Blades
  2766 | D:4      | Found a shadowy altar of Dithmenos.
  2971 | D:4      | Found a bloodstained altar of Trog.
  3016 | D:4      | Noticed Eustachio
  3230 | D:4      | Found a blossoming altar of Fedhas.
  3423 | D:4      | Noticed a black bear
  3433 | D:4      | Killed a black bear
  3434 | D:4      | Reached XP level 6. HP: 34/39 MP: 9/9
  3532 | D:4      | HP: 1/39 [iron imp[Eustachio] (3)]
  3533 | D:4      | Slain by a quasit

Illustrated notes

Levels and vault maps discovered:
D:1:      dpeg_arrival_more_subterranean_lakeside_camping, layout_loops_ring
D:2:      layout_basic, serial_shops, nicolae_shop_stone
D:3:      layout_basic, minmay_misc_feat_diagonals
D:4:      layout_loops_ring, amcnicky_altar_gilded,
          gammafunk_temple_overflow_statue, nicolae_dithmenos_shadow_blocks,
          uniq_eustachio

Skill      XL: |  1  2  3  4  5 |
---------------+----------------+-----
Long Blades    | 4 5 6 |  6.5
Dodging        | 3 |  3.1
Fighting       | |  1.7
Spellcasting   | |  2.0
Conjurations   | |  2.1

Action                     |  1- 3 |  4- 6 || total
---------------------------+-------+-------++-------
  Melee: Falchion          |   149 |   143 ||   292
         Bite              |    10 |    16 ||    26
         Punch             |     1 |     3 ||     4
         Great sword       |       |    16 ||    16
Ability: Exsanguinate      |     1 |     2 ||     3
         Bat Form          |       |     1 ||     1
         Revivify          |       |     1 ||     1
   Stab: Sleeping          |     2 |     8 ||    10
         Distracted        |     1 |     1 ||     2
 Armour: Leather armour    |    53 |    38 ||    91
         Scale mail        |       |    62 ||    62
  Dodge: Dodged            |    91 |    93 ||   184

Action                     |  1- 3 |  4- 6 || total
---------------------------+-------+-------++-------
  Melee: Falchion          |   149 |   143 ||   292
         Bite              |    10 |    16 ||    26
         Punch             |     1 |     3 ||     4
         Great sword       |       |    16 ||    16
Ability: Exsanguinate      |     1 |     2 ||     3
         Bat Form          |       |     1 ||     1
         Revivify          |       |     1 ||     1
   Stab: Sleeping          |     2 |     8 ||    10
         Distracted        |     1 |     1 ||     2
 Armour: Leather armour    |    53 |    38 ||    91
         Scale mail        |       |    62 ||    62
  Dodge: Dodged            |    91 |    93 ||   184

Levels and vault maps discovered:
D:1:      dpeg_arrival_more_subterranean_lakeside_camping, layout_loops_ring
D:2:      layout_basic, serial_shops, nicolae_shop_stone
D:3:      layout_basic, minmay_misc_feat_diagonals
D:4:      layout_loops_ring, amcnicky_altar_gilded,
          gammafunk_temple_overflow_statue, nicolae_dithmenos_shadow_blocks,
          uniq_eustachio
